 Dungeon Crawl Stone Soup version 0.29-a0-392-g297d3b089c (webtiles) character file.

Game seed: 5826282684699359919

15996 dracfodder the Thaumaturge (level 12, -7/64 HPs)
             Began as a Gargoyle Earth Elementalist on May 6, 2022.
             Was a Priest of Sif Muna.
             Killed by refrigeration
             ... invoked by Fannar
              (19 damage)
             ... on level 11 of the Dungeon on May 8, 2022.
             The game lasted 01:42:55 (13233 turns).

dracfodder the Thaumaturge (GrEE)                  Turns: 13233, Time: 01:42:55

Health: -7/64      AC: 20    Str: 12    XL:     12   Next: 32%
Magic:  11/28      EV: 12    Int: 21    God:    Sif Muna [***...]
Gold:   364        SH:  0    Dex: 14    Spells: 11/35 levels left

rFire   . . .      SeeInvis +   a - +7 hand axe "Uphen" {holy, Will+}
rCold   . . .      Faith    .   (no shield)
rNeg    + . .      Spirit   .   J - +1 troll leather armour
rPois   ∞          Reflect  .   t - +1 helmet
rElec   +          Harm     .   (no cloak)
rCorr   .          Rampage  +   M - +0 pair of gloves
Will    +....                   K - +0 pair of boots of Death's Door {Rampage +Blink}
Stlth   +++.......              j - amulet of magic regeneration
HPRegen 1.00/turn               l - ring of see invisible
MPRegen 0.61/turn               s - ring of Disaster {*Slow Dex+4 SInv Stlth+}

@: mighty
A: sickness immunity, AC +8, negative energy resistance 1, electricity
resistance, torment resistance 1, petrification resistance, mutation resistance
1
a: Renounce Religion, Evoke Blink, Channel Magic, Forget Spell


You were on level 11 of the Dungeon.
You worshipped Sif Muna.
Sif Muna was most pleased with you.
You visited 2 branches of the dungeon, and saw 13 of its levels.

You collected 611 gold pieces.
You spent 247 gold pieces at shops.

Inventory:

Hand Weapons
 a - the +7 hand axe "Uphen" (weapon) {holy, Will+}
   (You found it on level 5 of the Dungeon)

   It has been blessed by the Shining One to cause great damage to the undead
   and demons.
   Will:      It increases your willpower.
Missiles
 r - 2 throwing nets
 y - 255 stones
Armour
 q - a +2 ring mail of fire resistance
 t - a +1 helmet (worn)
 J - a +1 troll leather armour (worn)
 K - the +0 pair of boots of Death's Door (worn) {Rampage +Blink}
   (You bought it in a shop on level 7 of the Dungeon)

   +Blink:    It lets you blink.
   Rampage:   It bestows one free step when moving towards enemies.
 M - a +0 pair of gloves (worn)
Jewellery
 b - a ring of fire
 d - an amulet of the acrobat
 j - an amulet of magic regeneration (around neck)
 l - a ring of see invisible (left hand)
 s - the ring of Disaster (right hand) {*Slow Dex+4 SInv Stlth+}
   (You found it on level 3 of the Dungeon)

   [ring of see invisible]

   Dex:       It affects your dexterity (+4).
   SInv:      It lets you see invisible.
   *Slow:     It may slow you when you take damage.
   Stlth:     It makes you more stealthy.
 D - a +6 ring of dexterity
Wands
 e - a wand of mindburst (6)
 u - a wand of digging (8)
 z - a wand of flame (29)
 A - a wand of acid (1)
 E - a wand of iceblast (5)
 H - a wand of paralysis (10)
Scrolls
 f - a scroll of teleportation
 o - a scroll of enchant weapon
 x - a scroll of fog
 B - 3 scrolls of identify
 I - 2 scrolls of fear
Potions
 g - 4 potions of flight
 h - 5 potions of ambrosia
 i - 4 potions of lignification
 k - a potion of invisibility
 m - 2 potions of resistance
 n - 6 potions of curing
 p - a potion of brilliance
 v - 2 potions of haste {unknown}
 w - a potion of might


   Skills:
 + Level 3.1 Fighting
 + Level 0.6 Short Blades
 + Level 3.7 Axes
 * Level 8.1 Armour
 + Level 3.6 Dodging
 + Level 4.5 Stealth
 * Level 12.0 Spellcasting
 + Level 6.9 Conjurations
 + Level 0.9 Hexes
 + Level 1.5 Transmutations
 + Level 2.3 Fire Magic
 + Level 10.1 Earth Magic
 + Level 0.3 Evocations


You had 11 spell levels left.
You knew the following spells:

 Your Spells              Type           Power      Damage    Failure   Level
a - Sandblast             Erth           100%       2d20      1%          1
b - Passwall              Tmut/Erth      30%        N/A       1%          2
c - Stone Arrow           Conj/Erth      96%        3d13      1%          3
d - Petrify               Tmut/Erth      37%        N/A       6%          4
e - Foxfire               Conj/Fire      100%       2x1d9     1%          1
f - Lee's Rapid Deconstr  Erth           26%        3d15*     2%          5
g - Leda's Liquefaction   Hex/Erth       17%        N/A       7%          4
h - Flame Wave            Conj/Fire      32%        2d8       10%         4

Your spell library contained the following spells:

 Spells                   Type           Power      Damage    Failure   Level
 Conjure Flame            Conj/Fire      32%        6-21      2%          3
 Animate Armour           Summ/Erth      66%        N/A       8%          4
 Inner Flame              Hex/Fire       19%        N/A       10%         3
 Iskenderun's Battlesphe  Conj           41%        2d9       11%         5
 Hailstorm                Conj/Ice       27%        3d7       16%         4
 Ozocubu's Armour         Ice            12%        N/A       19%         3
 Borgnjor's Vile Clutch   Necr/Erth      16%        N/A       22%         5
 Fireball                 Conj/Fire      16%        3d8       26%         5
 Ice Form                 Ice/Tmut       15%        N/A       43%         4
 Animate Dead             Necr           6%         N/A       54%         4
 Freezing Cloud           Conj/Ice/Air   11%        6-21      56%         5
 Conjure Ball Lightning   Conj/Air       13%        3x3d6     93%         6
 Orb of Destruction       Conj           20%        9d8       97%         7
 Death Channel            Necr           6%         N/A       100%        6
 Simulacrum               Ice/Necr       6%         N/A       100%        6
 Ozocubu's Refrigeration  Ice            6%         4d6       100%        7
 Lehudib's Crystal Spear  Conj/Erth      24%        10d7      100%        8
 Polar Vortex             Ice            6%         N/A       100%        9
 Statue Form              Tmut/Erth      Unusable   N/A       N/A         6

Dungeon Overview and Level Annotations

Branches:
Dungeon (12/15)            Temple (1/1) D:6            Lair (0/6) D:8
    Orc: D:9-12

Altars:
Ashenzari
Cheibriados
Dithmenos
Elyvilon
Fedhas
Gozag
Hepliaklqana
Kikubaaqudgha
Makhleb
Nemelex Xobeh
Okawaru
Qazlal
Ru
Sif Muna
Trog
Uskayaw
Vehumet
Wu Jian
Xom
Yredelemnul
Zin
The Shining One

Shops:
D:7 *:*

Annotations:
D:11 Fannar


Innate Abilities, Weirdness & Mutations

You are immune to sickness and miasma.
Your stone body is resilient. (AC +8)
You are immune to poison.
You resist negative energy. (rN+)
You are resistant to electric shocks. (rElec)
You are resistant to unholy torment.
You are immune to petrification.
You are somewhat resistant to further mutation.


Message History

Casting: Lee's Rapid Deconstruction (dangerous; 2% risk of failure)
Confirm with . or Enter, or press ? or * to list all spells.
Aiming: Lee's Rapid Deconstruction (dangerous; 2% risk of failure)
Press: ? - help, Dir - move target A rock wall.
The wall shatters!
The blast of rock fragments hits Fannar.
Fannar is moderately wounded.
Fannar mumbles some strange words.
Fannar drains the heat from the surrounding environment!
Casting: Lee's Rapid Deconstruction (dangerous; 2% risk of failure)
Confirm with . or Enter, or press ? or * to list all spells.
Aiming: Lee's Rapid Deconstruction (dangerous; 2% risk of failure)
Press: ? - help, Dir - move target A rock wall.
The wall shatters!
The blast of rock fragments hits Fannar!
Fannar is heavily wounded.
Fannar casts a spell at you. The bolt of cold hits you!!
Casting: Lee's Rapid Deconstruction (dangerous; 2% risk of failure)
Confirm with . or Enter, or press ? or * to list all spells.
Aiming: Lee's Rapid Deconstruction (dangerous; 2% risk of failure)
Press: ? - help, Dir - move target A rock wall.
The wall shatters!
The blast of rock fragments hits Fannar!
Fannar is heavily wounded.
You hear two shouts!
Fannar mumbles some strange words.
Fannar drains the heat from the surrounding environment!
* * * LOW HITPOINT WARNING * * *
Level annotation: Fannar Welcome back, dracfodder the Gargoyle Earth Elementalist.
Sif Muna whispers: I know many secrets...
Press ? for a list of commands and other information.
You feel very mighty all of a sudden.
Fannar casts a spell.
Fannar drains the heat from the surrounding environment!
You die...

....#######
........#..#.+ ......
#..#.# ..... #....#
......# ....
#.......#####..#
#...........#..## #####
#...#.......+...#.....#
#...#.......#.@.e.....#
#...#.......#...#.....#
#...........#'#########
#................#
#......###..####.#
#......###..####.#
#................#
#.........########
#.##...##.#


You could see Fannar.

Vanquished Creatures
  5 two-headed ogres
  Amaemon (D:9)
  Joseph (D:7)
  An orange demon (D:8)
  Maggie (D:7)
  A gargoyle (D:12)
  A freezing wraith (D:12)
  3 trolls
  4 hornets
  A slime creature (D:12)
  A shadow (D:5)
  A wraith (D:10)
  21 yaks
  Eustachio (D:4)
  A steam dragon (D:7)
  7 water moccasins
  An acid dragon (D:7)
  Duvessa (D:7)
  An ice beast (D:6)
  5 black bears
  3 orc warriors
  3 ogres
  8 centaurs
  3 phantoms
  2 kobold brigands
  The ghost of AlmostDecent the Shooter, an amateur GrHu (D:3)
  5 bullfrogs
  2 necrophages
  2 scorpions
  Dowan (D:7)
  9 wights
  6 killer bees (D:7)
  2 howler monkeys
  4 quasits (D:3)
  4 hounds
  2 jellies
  7 orc priests
  Jessica (D:2)
  3 gnoll shamans
  5 iguanas
  11 orc wizards
  8 gnolls
  9 adders
  A shadow imp (D:8)
  A white imp (D:5)
  5 ufetubi
  A worm (D:3)
  5 dart slugs
  38 orcs
  2 endoplasms (D:2)
  3 giant cockroaches
  7 goblins
  8 hobgoblins
  9 jackals
  17 kobolds
  3 quokkas
  8 ball pythons
  8 bats
  3 frilled lizards
  5 rats
284 creatures vanquished.

Vanquished Creatures (others)
  208 foxfires
  25 fungi (D:8)
  35 plants
268 creatures vanquished.

Grand Total: 552 creatures vanquished

Notes
Turn   | Place    | Note
-------+----------+-------------------------------------------
     0 | D:1      | dracfodder the Gargoyle Earth Elementalist began the quest
                  | for the Orb.
     0 | D:1      | Reached XP level 1. HP: 10/10 MP: 3/3
   431 | D:1      | Reached XP level 2. HP: 15/15 MP: 3/5
   434 | D:1      | Learned a level 2 spell: Passwall
   677 | D:1      | Found a faded altar of an unknown god.
  1361 | D:2      | Reached XP level 3. HP: 20/20 MP: 2/7
  1423 | D:2      | Learned a level 3 spell: Stone Arrow
  1459 | D:2      | Noticed Jessica
  1507 | D:2      | Killed Jessica
  1508 | D:2      | Reached skill level 3 in Spellcasting
  1508 | D:2      | Reached XP level 4. HP: 24/24 MP: 5/8
  1915 | D:2      | Reached skill level 1 in Transmutations
  2005 | D:2      | Noticed a scorpion
  2024 | D:2      | Killed a scorpion
  2025 | D:2      | Reached XP level 5. HP: 27/28 MP: 3/10
  2215 | D:2      | Reached skill level 4 in Spellcasting
  2330 | D:2      | Learned a level 4 spell: Petrify
  2734 | D:3      | Identified the ring of Disaster {*Slow Dex+4 SInv Stlth+}
  3168 | D:3      | Reached XP level 6. HP: 33/33 MP: 7/12
  3349 | D:3      | Found a transporter.
  3393 | D:3      | Noticed AlmostDecent's ghost (amateur GrHu)
  3412 | D:3      | Found a transporter.
  3533 | D:3      | Gained mutation: You have hidden genetic potential. [potion
                  | of mutation]
  3533 | D:3      | Gained mutation: You tend to lose your temper in combat.
                  | [potion of mutation]
  3534 | D:3      | Lost mutation: You have hidden genetic potential. [potion
                  | of mutation]
  3534 | D:3      | Lost mutation: You tend to lose your temper in combat.
                  | [potion of mutation]
  3534 | D:3      | Gained mutation: Armour fits poorly on your strangely
                  | shaped body. [potion of mutation]
  3534 | D:3      | Gained mutation: You are partially covered in iridescent
                  | scales. (AC +2) [potion of mutation]
  3782 | D:4      | Learned a level 1 spell: Foxfire
  3977 | D:4      | Noticed Eustachio
  4135 | D:4      | Killed Eustachio
  4136 | D:4      | Reached skill level 1 in Armour
  4136 | D:4      | Reached skill level 5 in Spellcasting
  4136 | D:4      | Reached skill level 5 in Earth Magic
  4136 | D:4      | Reached XP level 7. HP: 20/37 MP: 12/14
  4630 | D:4      | Learned a level 5 spell: Lee's Rapid Deconstruction
  4669 | D:5      | Entered Level 5 of the Dungeon
  4673 | D:5      | Reached skill level 1 in Fire Magic
  4701 | D:5      | Identified the +7 hand axe "Uphen" {holy, Will+}
  4933 | D:5      | Reached skill level 6 in Spellcasting
  4933 | D:5      | Reached skill level 1 in Conjurations
  5146 | D:3      | Killed AlmostDecent's ghost
  5147 | D:3      | Reached XP level 8. HP: 23/42 MP: 8/17
  5152 | D:3      | Reached skill level 1 in Fighting
  5777 | D:5      | Noticed a shadow
  5783 | D:5      | Killed a shadow
  5784 | D:5      | Reached skill level 1 in Axes
  5961 | D:5      | Lost mutation: You are partially covered in iridescent
                  | scales. (AC +2) [potion of mutation]
  5961 | D:5      | Lost mutation: Armour fits poorly on your strangely shaped
                  | body. [potion of mutation]
  5961 | D:5      | Gained mutation: You are weak. (Str -2) [potion of
                  | mutation]
  5961 | D:5      | Gained mutation: You are partially covered in iridescent
                  | scales. (AC +2) [potion of mutation]
  5961 | D:5      | Gained mutation: You sometimes lose the ability to read
                  | scrolls when taking damage. [potion of mutation]
  6171 | D:6      | Found a staircase to the Ecumenical Temple.
  6177 | Temple   | Entered the Ecumenical Temple
  6353 | Temple   | Became a worshipper of Sif Muna the Loreminder
  6450 | D:6      | Reached skill level 7 in Spellcasting
  6512 | D:6      | Reached XP level 9. HP: 47/47 MP: 15/19
  7660 | D:7      | Found Ehats's General Store.
  7698 | D:7      | Noticed Joseph
  7704 | D:7      | Killed Joseph
  7705 | D:7      | Reached skill level 8 in Spellcasting
  8031 | D:7      | Noticed Maggie
  8037 | D:7      | Killed Maggie
  8232 | D:7      | Noticed a troll
  8235 | D:7      | Killed a troll
  8236 | D:7      | Reached skill level 5 in Armour
  8236 | D:7      | Reached XP level 10. HP: 53/53 MP: 13/22
  8257 | D:7      | Noticed a four-headed hydra
  8257 | D:7      | Noticed a two-headed ogre
  8257 | D:7      | Noticed a six-headed hydra
  8257 | D:7      | Noticed an unseen horror
  8302 | D:7      | Reached skill level 9 in Spellcasting
  8322 | D:7      | Reached skill level 5 in Conjurations
  8542 | D:7      | Reached * piety under Sif Muna
  8574 | D:7      | Found Bocseb's Book Shop.
  8718 | D:7      | Found Metudgh's Assorted Antiques.
  8726 | D:7      | Bought a pair of smoking boots for 247 gold pieces
  8726 | D:7      | Identified the +0 pair of boots of Death's Door {Rampage
                  | +Blink} (You bought it in a shop on level 7 of the Dungeon)
  8806 | D:7      | Noticed Duvessa
  8806 | D:7      | Noticed Dowan
  8811 | D:7      | Killed Duvessa
  8813 | D:7      | Killed Dowan
  9504 | D:8      | Noticed a two-headed ogre
  9508 | D:8      | Killed a two-headed ogre
  9522 | D:7      | Reached skill level 10 in Spellcasting
  9703 | D:8      | Reached ** piety under Sif Muna
  9859 | D:8      | Reached XP level 11. HP: 57/57 MP: 17/25
 10138 | D:8      | Noticed a two-headed ogre
 10146 | D:8      | Killed a two-headed ogre
 10188 | D:8      | Found a staircase to the Lair.
 10346 | D:9      | Reached skill level 11 in Spellcasting
 10468 | D:8      | Noticed Amaemon
 10613 | D:9      | Killed Amaemon
 10788 | D:8      | Found a stormy altar of Qazlal.
 11007 | D:9      | Noticed a two-headed ogre
 11034 | D:8      | Killed a two-headed ogre
 11182 | D:9      | Learned a level 4 spell: Leda's Liquefaction
 11187 | D:9      | Learned a level 4 spell: Flame Wave
 11608 | D:9      | Reached *** piety under Sif Muna
 12048 | D:9      | Upgraded the game from 0.29-a0-384-g6960b1960d to
                  | 0.29-a0-392-g297d3b089c
 12082 | D:10     | Entered Level 10 of the Dungeon
 12153 | D:10     | Noticed a two-headed ogre
 12161 | D:10     | Killed a two-headed ogre
 12162 | D:10     | Reached XP level 12. HP: 64/64 MP: 21/27
 12746 | D:11     | Noticed a two-headed ogre
 12756 | D:11     | Killed a two-headed ogre
 12877 | D:11     | Lost mutation: You are weak. (Str -2) [potion of mutation]
 12877 | D:11     | Lost mutation: You are partially covered in iridescent
                  | scales. (AC +2) [potion of mutation]
 12877 | D:11     | Lost mutation: You sometimes lose the ability to read
                  | scrolls when taking damage. [potion of mutation]
 12877 | D:11     | Gained mutation: You sometimes lose the ability to read
                  | scrolls when taking damage. [potion of mutation]
 12877 | D:11     | Gained mutation: Armour fits poorly on your strangely
                  | shaped body. [potion of mutation]
 12878 | D:11     | Lost mutation: You sometimes lose the ability to read
                  | scrolls when taking damage. [potion of mutation]
 12878 | D:11     | Lost mutation: Armour fits poorly on your strangely shaped
                  | body. [potion of mutation]
 12878 | D:11     | Gained mutation: You are clumsy. (Dex -2) [potion of
                  | mutation]
 12878 | D:11     | Lost mutation: You are clumsy. (Dex -2) [potion of
                  | mutation]
 12878 | D:11     | Gained mutation: You are somewhat resistant to further
                  | mutation. [potion of mutation]
 13016 | D:11     | You fall into a shaft and drop 1 floor!
 13101 | D:12     | Reached skill level 10 in Earth Magic
 13112 | D:12     | Reached skill level 12 in Spellcasting
 13227 | D:11     | Noticed Fannar
 13233 | D:11     | Killed from afar by Fannar

Illustrated notes

Levels and vault maps discovered:
D:1:      nzn_arrival_depleted_hourglass, layout_loops_ring,
          chequers_ecumenical_altar_grove
D:2:      layout_basic, serial_bayou, serial_bayou_pond_d, serial_bayou_pond_d,
          serial_bayou_ford_a, serial_bayou_pond_d, minmay_quantized,
          uniq_jessica
D:3:      layout_loops_corners, gammafunk_ghost_stat_death
D:4:      layout_cave_pools, serial_glass, glass_columns_c, glass_columns_a,
          glass_columns_c, glass_columns_a, glass_columns_b, glass_columns_c,
          uniq_eustachio
D:5:      layout_basic
D:6:      minmay_recursive_quarters, layout_loops_ring, temple_doors_e,
          st_stairs_7
D:7:      minmay_the_grid_plus_closed [minmay_the_grid_spikes,
          minmay_the_grid_fan, minmay_the_grid_doors, minmay_the_grid_eight,
          minmay_the_grid_prize_big_room], layout_loops_ring,
          serial_co_window_serial, co_window_paths_a, co_window_corner_a,
          co_window_of_opportunity_a, co_window_paths_b, co_window_corner_a,
          co_window_2corner, co_window_corner_b, co_window_unsneaky_path_b,
          co_window_unsneaky_path_a, co_window_sun, co_window_paths_d,
          glass_columns_b, serial_shops, shop, shop, nicolae_diamond_shop,
          uniq_joseph, uniq_duvessa, uniq_maggie
D:8:      layout_cave_pools, nicolae_qazlal_general_emergency,
          due_lair_maze_entry_diamond, st_stairs_14, uniq_amaemon
D:9:      layout_roguey
D:10:     layout_cave_pools, serial_column_ruins, column_ruins_grid_4,
          column_ruins_open_small, column_ruins_open_medium,
          column_ruins_open_tiny, column_ruins_corridor_straight,
          kennysheep_doodads, minivault_19
D:11:     layout_stronghold, uniq_sonja, uniq_grum, uniq_fannar
D:12:     layout_gridville, david_orc_1_choice, argonaut_gorgonesque
Temple:   minmay_crystal_snake_temple

Skill      XL: |  1  2  3  4  5  6  7  8  9 10 11 12 |
---------------+-------------------------------------+-----
Earth Magic    | 4 5 6 8 9 10 | 10.1
Spellcasting   | 3 4 5 6 7 8 10 11 12 | 12.0
Transmutations | 1 |  1.5
Armour         | 1 2 3 5 6 7 8 |  8.1
Dodging        | 2 3 |  3.6
Fire Magic     | 1 2 |  2.3
Conjurations   | 1 2 4 5 6 |  6.9
Stealth        | 3 4 |  4.5
Fighting       | 1 2 3 |  3.1
Axes           | 1 2 3 |  3.7
Short Blades   | |  0.6
Hexes          | |  0.9
Evocations     | |  0.3

Action                   |  1- 3 |  4- 6 |  7- 9 | 10-12 || total
-------------------------+-------+-------+-------+-------++-------
Melee: Unarmed           |     7 |       |       |       ||     7
       Short sword       |       |     7 |       |       ||     7
       Hand axe          |       |       |    37 |    97 ||   134
       Punch             |       |       |     1 |       ||     1
Throw: Stone             |       |     2 |       |       ||     2
 Cast: Sandblast         |    37 |    73 |    14 |    24 ||   148
       Passwall          |     3 |     4 |       |       ||     7
       Stone Arrow       |     1 |    17 |    87 |   177 ||   282
       Foxfire           |       |    16 |    52 |    51 ||   119
       Lee's Rapid Decon |       |       |       |    27 ||    27
       Leda's Liquefacti |       |       |       |    10 ||    10
       Flame Wave        |       |       |       |     2 ||     2
Evoke: Wand              |       |       |     3 |     4 ||     7
  Use: Scroll            |     6 |     5 |       |    15 ||    26
       Potion            |       |     2 |     1 |     6 ||     9
 Stab: Sleeping          |       |       |     3 |       ||     3
Armor: Robe              |     8 |    52 |    91 |       ||   151
       Ring mail         |       |     5 |    20 |       ||    25
       Troll leather arm |       |       |       |   152 ||   152
Dodge: Dodged            |    17 |    89 |   101 |   151 ||   358

Table legend: (Time is in decaauts)
 A = Elapsed time spent in this place.
 B = Non-inter-level travel time spent in this place.
 C = Inter-level travel time spent in this place.
 D = Time resting spent in this place.
 E = Time spent auto-exploring this place.
 F = Levels seen in this place.
 G = Mean time per level.
                   A        B        C        D        E       F      G
               +--------+--------+--------+--------+--------+-----+--------+
         Total |  13305 |  12714 |    591 |   4271 |   5734 |  13 | 1023.5 |
       Dungeon |  13099 |  12536 |    563 |   4271 |   5590 |  12 | 1091.6 |
        Temple |    205 |    177 |     28 |      0 |    144 |   1 |  205.0 |
               +--------+--------+--------+--------+--------+-----+--------+

Top non-repeatable levels by time:
     D:7: 2381 daAuts
     D:2: 1535 daAuts
     D:6: 1363 daAuts
     D:9: 1285 daAuts
     D:3: 1263 daAuts
     D:1: 1226 daAuts
     D:5: 1079 daAuts
     D:4: 1000 daAuts
     D:8: 815 daAuts
    D:10: 662 daAuts
    D:11: 339 daAuts
  Temple: 205 daAuts
    D:12: 149 daAuts
